 Dungeon Crawl Stone Soup version 0.29.1-4-g47bece8355 (webtiles) character file.

Game seed: 3928170321981651266

2139 PhantomBowie the Trooper (level 9, -7/57 HPs)
             Began as a Gargoyle Berserker on Dec 4, 2022.
             Was a Priest of Trog.
             Killed by divine providence
             ... invoked by an orc priest
              (12 damage)
             ... on level 6 of the Dungeon.
             The game lasted 00:19:44 (6345 turns).

PhantomBowie the Trooper (Gargoyle Berserker)       Turns: 6345, Time: 00:19:45

Health: -7/57      AC: 23    Str: 25    XL:     9   Next: 30%
Magic:  9/9        EV:  8    Int:  8    God:    Trog [***...]
Gold:   312        SH:  5    Dex:  9    Spells: 8/8 levels left

rFire   . . .      SeeInvis .   i - +0 morningstar
rCold   . . .      Faith    .   e - +0 buckler
rNeg    + . .      Spirit   .   y - +0 chain mail
rPois   ∞          Reflect  .   o - +0 helmet
rElec   +          Harm     .   j - +0 cloak
rCorr   .          Rampage  .   (no gloves)
Will    .....                   (no boots)
Stlth   ..........              (no amulet)
HPRegen 0.19/turn               u - +4 ring of protection
MPRegen 0.11/turn               (no ring)

@: no status effects
A: sickness immunity, AC +6, negative energy resistance 1, electricity
resistance, torment resistance 1, petrification resistance
a: Renounce Religion, Berserk, Trog's Hand


You were on level 6 of the Dungeon.
You worshipped Trog.
Trog was most pleased with you.
You visited 2 branches of the dungeon, and saw 7 of its levels.

You collected 312 gold pieces.

Inventory:

Hand Weapons
 i - a +0 morningstar (weapon)
Missiles
 B - a throwing net (quivered)
Armour
 e - a +0 buckler (worn)
 j - a +0 cloak (worn)
 o - a +0 helmet (worn)
 y - a +0 chain mail (worn)
Jewellery
 u - a +4 ring of protection (left hand)
Wands
 w - a wand of iceblast (7)
 A - a wand of polymorph (9)
Scrolls
 c - a scroll of poison {unknown}
 d - 2 scrolls of identify {unknown}
 g - 2 scrolls of enchant armour {unknown}
 h - a scroll of acquirement {unknown}
 m - a scroll of amnesia {unknown}
 n - 2 scrolls of vulnerability {unknown}
 p - 3 scrolls of blinking
 q - 6 scrolls of teleportation
 t - 2 scrolls of fog {unknown}
 C - a scroll of silence {unknown}
Potions
 a - 3 potions of brilliance {unknown}
 b - 4 potions of heal wounds {unknown}
 f - a potion of curing {unknown}
 k - 2 potions of might {unknown}
 l - 3 potions of mutation {unknown}
 r - a potion of flight {unknown}
 s - a potion of resistance {unknown}
 v - a potion of attraction {unknown}
 x - a potion of invisibility {unknown}
 z - a potion of magic {unknown}


   Skills:
 + Level 7.3 Fighting
 + Level 6.7 Maces & Flails
 + Level 6.8 Armour
 - Level 2.0 Dodging
 + Level 6.2 Shields


You had 8 spell levels left.
You didn't know any spells.
Your spell library was empty.

Dungeon Overview and Level Annotations

Branches:
Dungeon (6/15)             Temple (1/1) D:6

Altars:
Ashenzari
Cheibriados
Dithmenos
Elyvilon
Fedhas
Gozag
Hepliaklqana
Kikubaaqudgha
Makhleb
Nemelex Xobeh
Okawaru
Ru
Sif Muna
Trog
Uskayaw
Vehumet
Wu Jian
Xom
Yredelemnul
The Shining One

Shops:
D:3 :


Innate Abilities, Weirdness & Mutations

You are immune to sickness and miasma.
Your stone body is resilient. (AC +6)
You are immune to poison.
You resist negative energy. (rN+)
You are resistant to electric shocks. (rElec)
You are resistant to unholy torment.
You are immune to petrification.


Message History

You kill the gnoll bouda!
Trog accepts your kill. The gnoll barely misses you.
The gnoll hits you with a +0 spear.
Items here: )) [ †.
You closely miss the gnoll. The gnoll hits you but does no damage.
The howler monkey hoots and howls with incredible vigour!
You hit the gnoll but do no damage. The gnoll closely misses you.
The orc priest looks satisfied for a moment.
You completely miss the gnoll.
The gnoll hits you but does no damage. x2
You puncture the gnoll!
The gnoll is heavily wounded.
The gnoll is no longer moving quickly.
The gnoll hits you but does no damage.
You barely miss the gnoll.
The gnoll is heavily wounded.
The gnoll is no longer moving quickly.
The gnoll hits you but does no damage.
The orc priest invokes the aid of Beogh against you.
Beogh smites you!
You impale the gnoll!!
You kill the gnoll!
Trog accepts your kill.
The gnoll is no longer moving quickly.
You hit the orc priest but do no damage.
The orc priest miscasts a cantrip.
You barely miss the orc priest.
The orc priest invokes the aid of Beogh against you.
Beogh smites you!
You hit the orc priest but do no damage.
The orc priest calls down the wrath of Beogh upon you.
Beogh smites you!
* * * LOW HITPOINT WARNING * * *
The howler monkey hoots and howls with incredible vigour!
The orc priest closely misses you.
You barely miss the orc priest.
The orc priest invokes the aid of Beogh against you.
Beogh smites you!
* * * LOW HITPOINT WARNING * * *
The orc priest invokes the aid of Beogh against you.
Beogh smites you!
You die...

..)#.#..###.#
.)##.....##.#
.####.....#.#
))###.....#.#####..
...........<......#
...##.......####### .
#.........#.... ...
..............######g....
..###.....###)..@)ohg..#
..#............#######...
...........###......
#....####...######## #
....# ##.....# . ####
#.....# #.....# #.....#
#.....#


You could see a howler monkey, an orc priest and 2 gnolls.

Vanquished Creatures
  Menkaure (D:4)
  Duvessa (D:4)
  Pargi (D:4)
  2 ice beasts
  3 black bears
  An ogre (D:5)
  2 phantoms (D:5)
  A necrophage (D:5)
  5 scorpions
  Dowan (D:4)
  2 howler monkeys
  4 hounds
  Crazy Yiuf (D:5)
  3 gnoll boudas
  Natasha (twice) (D:4)
  5 iguanas
  2 orc wizards (D:5)
  5 adders
  8 gnolls
  A shadow imp (D:6)
  An ufetubus (D:6)
  4 dart slugs
  11 orcs
  6 endoplasms
  A giant cockroach (D:1)
  5 goblins
  6 hobgoblins
  4 jackals (D:3)
  9 kobolds
  6 quokkas
  7 ball pythons
  4 bats
  2 frilled lizards (D:1)
  4 rats
121 creatures vanquished.

Vanquished Creatures (others)
  A fungus (D:5)
  A plant (D:5)
2 creatures vanquished.

Grand Total: 123 creatures vanquished

Notes
Turn   | Place    | Note
-------+----------+-------------------------------------------
     0 | D:1      | PhantomBowie the Gargoyle Berserker began the quest for the
                  | Orb.
     0 | D:1      | Reached XP level 1. HP: 14/14 MP: 1/1
   129 | D:1      | Reached XP level 2. HP: 15/19 MP: 2/2
   418 | D:1      | Found a faded altar of an unknown god.
   779 | D:1      | Reached XP level 3. HP: 18/23 MP: 3/3
   879 | D:1      | Reached ** piety under Trog
  1237 | D:2      | Reached skill level 1 in Shields
  1860 | D:3      | Noticed an ice beast
  1868 | D:3      | Killed an ice beast
  1869 | D:3      | Reached skill level 4 in Fighting
  1869 | D:3      | Reached XP level 4. HP: 29/29 MP: 4/4
  1869 | D:3      | Reached XP level 5. HP: 33/33 MP: 5/5
  1932 | D:3      | Found a glowing golden altar of the Shining One.
  2096 | D:3      | Found Dico's Book Shop.
  2653 | D:3      | Found a broken altar of Ashenzari.
  2865 | D:4      | Noticed Menkaure
  3293 | D:4      | Found a shimmering blue altar of Sif Muna.
  3378 | D:4      | Noticed Natasha
  3396 | D:4      | Killed Natasha
  3397 | D:4      | Reached XP level 6. HP: 29/39 MP: 6/6
  3458 | D:4      | Noticed Natasha
  3594 | D:4      | Killed Menkaure
  3760 | D:4      | Reached skill level 5 in Fighting
  3760 | D:4      | Reached XP level 7. HP: 44/44 MP: 7/7
  3811 | D:4      | Noticed Duvessa
  3811 | D:4      | Noticed Dowan
  3820 | D:4      | Killed Duvessa
  3839 | D:4      | Reached skill level 5 in Maces & Flails
  3842 | D:4      | Killed Dowan
  4095 | D:4      | Noticed Pargi
  4129 | D:4      | Killed Pargi
  4130 | D:4      | Reached skill level 5 in Armour
  4300 | D:4      | Reached XP level 8. HP: 51/51 MP: 8/8
  4326 | D:4      | Found a white marble altar of Elyvilon.
  4569 | D:4      | Killed Natasha
  4641 | D:5      | Entered Level 5 of the Dungeon
  4734 | D:5      | Found a sacrificial altar of Ru.
  4938 | D:5      | Reached skill level 6 in Fighting
  5062 | D:5      | Reached skill level 5 in Shields
  5205 | D:5      | Reached *** piety under Trog
  5366 | D:5      | Found a radiant altar of Vehumet.
  5368 | D:5      | Found an ornate altar of the Wu Jian Council.
  5652 | D:5      | Reached XP level 9. HP: 56/56 MP: 9/9
  5794 | D:5      | Found a runed translucent door.
  5795 | D:5      | Noticed Crazy Yiuf
  5801 | D:5      | Killed Crazy Yiuf
  6047 | D:5      | Reached skill level 7 in Fighting
  6186 | D:6      | Found a staircase to the Ecumenical Temple.
  6227 | Temple   | Entered the Ecumenical Temple
  6345 | D:6      | Killed from afar by an orc priest

Illustrated notes

Levels and vault maps discovered:
D:1:      nicolae_arrival_somewhat_less_tricky_arrival, layout_basic,
          ebering_ecumenical_altar_rust, minmay_split_cup_large
D:2:      layout_rooms, minmay_hedge_maze, wad_floor_pattern_2
D:3:      layout_loops_corners, lemuel_coloured_pillars_altar,
          mainiacjoe_overflow_surrounded_room, serial_shops,
          nicolae_shop_crystal
D:4:      layout_loops_corners, lemuel_crystal_altar,
          mainiacjoe_overflow_alcove_4, uniq_natasha, uniq_duvessa,
          uniq_menkaure, uniq_pargi
D:5:      layout_basic, mainiacjoe_overflow_boulevard,
          mainiacjoe_overflow_catwalk_spiral, minmay_misc_feat_ornament,
          chequers_serial_rivers_micro_e, uniq_crazy_yiuf_cottage
D:6:      layout_rooms, minmay_temple_entry_offerings
Temple:   nicolae_temple_god_jail

Skill      XL: |  1  2  3  4  5  6  7  8  9 |
---------------+----------------------------+-----
Dodging        | 2 |  2.0
Shields        | 2 3 4 5 6 |  6.2
Fighting       | 4 5 6 7 |  7.3
Armour         | 3 4 5 6 |  6.8
Maces & Flails | 4 5 6 |  6.7

Action                   |  1- 3 |  4- 6 |  7- 9 || total
-------------------------+-------+-------+-------++-------
Melee: Mace              |    36 |       |       ||    36
       Morningstar       |    87 |    73 |   266 ||   426
       Unarmed           |       |       |     2 ||     2
Invok: Berserk           |     1 |     2 |     3 ||     6
  Use: Scroll            |       |       |     2 ||     2
 Stab: Sleeping          |     1 |       |       ||     1
Armor: Animal skin       |     3 |       |       ||     3
       Scale mail        |    54 |    30 |   135 ||   219
       Chain mail        |       |       |    97 ||    97
Dodge: Dodged            |    51 |    42 |   142 ||   235
Block: Buckler           |    13 |     8 |    74 ||    95
